[Event "Late-Titled-Tuesday-Blitz-March-12-2024"]
[Site "Chess.com"]
[Date "2024.03.12"]
[Round "9"]
[White "rdarruda"]
[Black "jinxy2009"]
[Result "0-1"]
[WhiteElo "2539"]
[BlackElo "2262"]
[TimeControl "180+1"]
[EndTime "15:40:27 PDT"]
[Termination "jinxy2009 won by checkmate"]

1. Nf3 Nf6 2. b3 g6 3. Bb2 Bg7 4. e3 O-O 5. Be2 d5 6. O-O c5 7.
d4 Nc6 8. Nbd2 Qc7 9. c4 cxd4 10. Nxd4 e5 11. Nb5 Qe7 12. Ba3 Nb4 13. Rc1 a5 14. cxd5 Nfxd5 15. Nc4 Be6 16. e4 Nf4 17.
Nb6 Rad8 18. Qe1 Qg5 19. Bf3 Nbd3 20. Qxa5 Nxg2 21. Kh1 Nh4 22. Be2 Qg2# 0-1

[Event "Late-Titled-Tuesday-Blitz-March-12-2024"]
[Site "Chess.com"]
[Date "2024.03.12"]
[Round "9"]
[White "Igor_Lysyj"]
[Black "Vadim_Galchenko"]
[Result "0-1"]
[WhiteElo "2798"]
[BlackElo "2615"]
[TimeControl "180+1"]
[EndTime "15:40:30 PDT"]
[Termination "Vadim_Galchenko won by resignation"]

1. d4 d5 2. c4 Nc6 3. Nf3 Bg4 4.
Bg5 h6 5. Bh4 Qd7 6. Nc3 e6 7. e3 Bb4 8. Qb3 Nge7 9. Bxe7 Qxe7 10. cxd5 exd5 11. Qxd5 Rd8 12. Qb5 O-O 13. Be2 Bxf3 14.
gxf3 Rfe8 15. Rd1 Qh4 16. a3 Bxc3+ 17. bxc3 Rxe3 18. O-O Re6 19. Kh1 Ne7 20. Bd3 Qh3 21.
Be4 Rxe4 22. fxe4 Qf3+ 23. Kg1 Rd6 0-1

[Event "Late-Titled-Tuesday-Blitz-March-12-2024"]
[Site "Chess.com"]
[Date "2024.03.12"]
[Round "9"]
[White "ArturoCaceres"]
[Black "publicaccountcze"]
[Result "0-1"]
[WhiteElo "2429"]
[BlackElo "2226"]
[TimeControl "180+1"]
[EndTime "15:40:34 PDT"]
[Termination "publicaccountcze won by resignation"]

1. d4 Nf6 2. c4 g6 3. Nf3 Bg7 4. g3 O-O 5. Bg2 d6 6. O-O Nbd7 7. Nc3 e5 8. dxe5 dxe5 9. b3 c6 10. Ba3 Re8 11. Qd2 Qa5 12. Bb2 Qc7 13. a3 a5 14.
b4 Nb6 15. c5 Nc4 16. Qc2 Nxb2 17. Qxb2 e4 18. Nd4 e3 19. fxe3 Ng4 20. Ne4 Qe5 21.
Rxf7 Kxf7 22. Qb3+ Be6 23. Rf1+ Kg8 24. Nxe6 Qxe6 25.
Qd3 Rad8 26. Qb1 Nxe3 27. Nd6 Nxf1 28. Bxf1 Rxd6 29. cxd6 Qxd6 30. bxa5 Rf8 31. Qb3+ Kh8 32. e3 Qf6 33. Bc4 Qf2+ 34. Kh1 Rd8 35. a4 Rd2 36.
Be2 Rxe2 37. Qg8+ Kxg8 38. a6 bxa6 0-1

[Event "Late-Titled-Tuesday-Blitz-March-12-2024"]
[Site "Chess.com"]
[Date "2024.03.12"]
[Round "9"]
[White "ferdipy"]
[Black "corvachesky"]
[Result "0-1"]
[WhiteElo "2325"]
[BlackElo "2491"]
[TimeControl "180+1"]
[EndTime "15:40:37 PDT"]
[Termination "corvachesky won by checkmate"]

1. e4 d6 2. d4 Nf6 3. Nc3 g6 4. f3 Bg7 5. Be3 O-O 6. Qd2 e5 7. O-O-O exd4 8. Bxd4 Nc6 9. Be3 Be6 10. Bb5 a6 11.
Be2 b5 12. h4 b4 13. Nb1 Bxa2 14. g4 Qe7 15. h5 Ne5 16. Bh6 a5 17. hxg6 fxg6 18.
Bxg7 Qxg7 19. Nh3 Rfb8 20. Ng5 a4 21. f4 Nc4 22. Bxc4+ Bxc4 23. e5 dxe5 24. fxe5 a3 25. exf6 Qxf6 26. Nxh7 Qxb2# 0-1

[Event "Late-Titled-Tuesday-Blitz-March-12-2024"]
[Site "Chess.com"]
[Date "2024.03.12"]
[Round "9"]
[White "Thjop"]
[Black "ploxoi"]
[Result "1-0"]
[WhiteElo "2652"]
[BlackElo "2414"]
[TimeControl "180+1"]
[EndTime "15:40:43 PDT"]
[Termination "Thjop won by checkmate"]

1. e4 c6 2. d4 d5 3. e5 c5 4. dxc5 Nc6 5. a3 Nxe5 6. b4 e6 7. Bb2 Nc6 8. Nf3 a5 9. Bb5 Bd7 10. Bxc6 Bxc6 11. O-O Nf6 12. Ne5 Qc7 13. Nd2 Be7 14. Nb3 axb4 15. axb4 O-O 16. Re1 b6 17. Nd4 Rxa1 18. Qxa1 Ba8 19. Nb5 Qb7 20. c6 Qc8 21. c3 Ne4 22. f3 Nd6 23. Nd4 Nc4 24. Nxc4 dxc4 25. b5 Bc5 26. Qa4 Re8 27. Kf1 e5 28. Ne2 Qf5 29. Qxc4 Qh5 30. h3 e4 31. Ng3 Qh4 32. Rxe4 Qxg3 33. Rxe8+ Bf8 34. Qb4 Qb8 35.
Qxf8# 1-0

[Event "Late-Titled-Tuesday-Blitz-March-12-2024"]
[Site "Chess.com"]
[Date "2024.03.12"]
[Round "9"]
[White "KorolDimitriy75"]
[Black "Byniolus"]
[Result "0-1"]
[WhiteElo "2425"]
[BlackElo "2761"]
[TimeControl "180+1"]
[EndTime "15:40:44 PDT"]
[Termination "Byniolus won on time"]

1. d4 d6 2. c4 g6 3. Nf3 a6 4.
Nc3 e6 5. e4 c6 6. Be3 f6 7.
Qd2 b6 8. Be2 h6 9. O-O Ne7 10.
b4 Bg7 11. Rfe1 Nd7 12. h3 g5 13. Nh2 O-O 14. f4 e5 15. dxe5 dxe5 16. f5 Qc7 17. Rad1 Rd8 18. Qd6 Qxd6 19. Rxd6 Bf8 20. Bxb6 Re8 21.
Bc7 Ra7 22. Ba5 Nxf5 23. Rxc6 Nd4 0-1

[Event "Late-Titled-Tuesday-Blitz-March-12-2024"]
[Site "Chess.com"]
[Date "2024.03.12"]
[Round "9"]
[White "Incognizance"]
[Black "ritanovikova"]
[Result "0-1"]
[WhiteElo "1844"]
[BlackElo "2269"]
[TimeControl "180+1"]
[EndTime "15:40:49 PDT"]
[Termination "ritanovikova won by resignation"]

1. d4 e5 2. dxe5 Nc6 3. Nf3 Qe7 4. Nc3 Nxe5 5. Bf4 Nxf3+ 6. gxf3 Nf6 7. e4 c6 8. Bd3 d5 9. Qd2 Qd8 10. exd5 Nxd5 11.
Nxd5 Qxd5 12. Qe3+ Qe6 13. O-O-O Qxe3+ 14. Bxe3 Be6 15. b3 Ba3+ 16. Kb1 a5 17. Bc1 Bc5 18.
Be3 Bb4 19. Bd2 Be7 20. Rhe1 a4 21. c4 axb3 22. axb3 Bf6 23. Kc2 Ra2+ 24. Kc1 O-O 25. Re2 Rfa8 26. Be3 Ra1+ 27. Kd2 R8a2+ 28. Ke1 Bc3+ 29.
Bd2 Bf6 30. Be3 g6 31. Rxa2 Rxa2 32. Rd2 Bc3 33. Ke2 Bxd2 34. Bxd2 Rb2 35. b4 Ra2 36. b5 Bf5 37. Bxf5 gxf5 38. bxc6 bxc6 39. Ke3 Kg7 40. Kf4 Kg6 41. Be3 Ra4 42. Ke5 Rxc4 43. Bd4 c5 44. Kd5 Rxd4+ 0-1

[Event "Late-Titled-Tuesday-Blitz-March-12-2024"]
[Site "Chess.com"]
[Date "2024.03.12"]
[Round "9"]
[White "ChessLover0108"]
[Black "BardArtem"]
[Result "0-1"]
[WhiteElo "2937"]
[BlackElo "2787"]
[TimeControl "180+1"]
[EndTime "15:40:52 PDT"]
[Termination "BardArtem won by resignation"]

1. c4 e6 2. Nc3 d5 3. d4 Nf6 4. cxd5 Nxd5 5. Nf3 c5 6. e4 Nxc3 7. bxc3 cxd4 8. cxd4 Bb4+ 9. Bd2 Bxd2+ 10. Qxd2 O-O 11. Bc4 Nd7 12. O-O b6 13. Rfe1 Bb7 14. Re3 Rc8 15. Bb3 Nf6 16. Qe1 h6 17. Rd1 Re8 18. Ne5 Nd7 19.
Nc4 Qe7 20. e5 Rb8 21. Nd6 Red8 22. Rg3 Nf8 23. d5 Kh8 24. Qe3 Bxd5 25. Bxd5 exd5 26. Qf3 Rd7 27. Rxg7 Ng6 28. Rxf7 Nxe5 29. Qc3 d4 30. Qxd4 Rxd6 31. Qxd6 Qxd6 32. Rxd6 Nxf7 33. Rd7 Rd8 0-1

[Event "Late-Titled-Tuesday-Blitz-March-12-2024"]
[Site "Chess.com"]
[Date "2024.03.12"]
[Round "9"]
[White "KNVB"]
[Black "platy3"]
[Result "0-1"]
[WhiteElo "2776"]
[BlackElo "2965"]
[TimeControl "180+1"]
[EndTime "15:40:57 PDT"]
[Termination "platy3 won on time"]

1. d4 Nf6 2. c4 e6 3. Nc3 d5 4.
cxd5 exd5 5. Bg5 c6 6. e3 h6 7. Bh4 Be7 8. Bd3 O-O 9. Nge2 Re8 10. O-O Ne4 11. Bxe7 Qxe7 12. Qc2 Nd6 13. Rae1 Nd7 14. Ng3 Nf6 15. f3 h5 16. e4 h4 17. Nh1 Nh5 18.
e5 Nc4 19. f4 Qb4 20. Nd1 Nxf4 21. a3 Nxa3 22. bxa3 Qxd4+ 23. Nhf2 Rxe5 24. Rxe5 Qxe5 25. Qd2 Qg5 26. Ne3 Nxg2 27. Bh7+ Kh8 28. Ne4 Qxe3+ 29.
Qxe3 Nxe3 30. Rxf7 Kxh7 0-1

[Event "Late-Titled-Tuesday-Blitz-March-12-2024"]
[Site "Chess.com"]
[Date "2024.03.12"]
[Round "9"]
[White "Fandorine"]
[Black "Skatchkov_V"]
[Result "1-0"]
[WhiteElo "2946"]
[BlackElo "2684"]
[TimeControl "180+1"]
[EndTime "15:41:03 PDT"]
[Termination "Fandorine won by resignation"]

1. d4 d5 2. c4 e6 3. Nf3 Nf6 4. Qc2 Nc6 5. Bg5 Bb4+ 6. Nbd2 h6 7. Bxf6 Qxf6 8. e3 Bd7 9. Bd3 dxc4 10. Bxc4 e5 11. d5 Ne7 12. O-O Bd6 13. Qb3 O-O 14. Bd3 Bf5 15. Bxf5 Qxf5 16. e4 Qg6 17. Rfe1 a6 18. Nc4 b5 19. Ncxe5 Qh5 20. Nd3 f6 21. h3 Kh8 22. Rac1 g5 23. e5 fxe5 24. Ndxe5 Rf4 25. Ng4 Raf8 26. Re6 Rxg4 27. hxg4 Qxg4 28. Rxh6+ Kg7 29. Rh3 Ng6 30. Qc3+ Rf6 31. Rh7+ Kxh7 32. Qxf6 Nf4 33. Nxg5+ 1-0

[Event "Late-Titled-Tuesday-Blitz-March-12-2024"]
[Site "Chess.com"]
[Date "2024.03.12"]
[Round "9"]
[White "Gryffindorac8"]
[Black "Redzishchess"]
[Result "1-0"]
[WhiteElo "2381"]
[BlackElo "2494"]
[TimeControl "180+1"]
[EndTime "15:41:04 PDT"]
[Termination "Gryffindorac8 won on time"]

1. d4 Nf6 2. c4 g6 3. Nc3 d5 4. cxd5 Nxd5 5. e4 Nxc3 6. bxc3 Bg7 7. Nf3 O-O 8. h3 c5 9. Be2 Nc6 10. Be3 cxd4 11. cxd4 Qa5+ 12. Bd2 Qa3 13. d5 Nd4 14. Nxd4 Bxd4 15. O-O Bxh3 16. Bh6 Qc5 17. Rc1 Qb6 18. Bxf8 Rxf8 19. gxh3 Qf6 20. Qd3 Be5 21. Qf3 Qg5+ 22.
Qg2 Qh4 23. Qg4 Qh6 24. f4 Bd4+ 25. Kg2 f5 26. Qg5 Qg7 27. e5 1-0

[Event "Late-Titled-Tuesday-Blitz-March-12-2024"]
[Site "Chess.com"]
[Date "2024.03.12"]
[Round "9"]
[White "oskariot"]
[Black "jcibarra"]
[Result "0-1"]
[WhiteElo "2765"]
[BlackElo "2919"]
[TimeControl "180+1"]
[EndTime "15:41:09 PDT"]
[Termination "jcibarra won by resignation"]

1. e4 c5 2. Nf3 e6 3. g3 Nc6 4.
Bg2 Nf6 5. Nc3 d6 6. O-O Be7 7.
d4 cxd4 8. Nxd4 Bd7 9. Nb3 a6 10.
a4 O-O 11. a5 Ne5 12. f4 Nc4 13. g4 Bc6 14. g5 Nd7 15. Qe2 b5 16. axb6 Ndxb6 17. Kh1 Re8 18. Qf2 Ra7 19. Na5 Nxa5 20. Rxa5 Nc4 21.
Qxa7 Qxa5 22. f5 exf5 23. exf5 Bxg2+ 24. Kxg2 Qe5 25. Qxa6 d5 26. Qc6 Rd8 27. Bf4 Qxf5 28. h3 Bxg5 29. Bc7 Ne3+ 0-1

[Event "Late-Titled-Tuesday-Blitz-March-12-2024"]
[Site "Chess.com"]
[Date "2024.03.12"]
[Round "9"]
[White "Koalaskakistis"]
[Black "OverallStranger"]
[Result "1-0"]
[WhiteElo "2521"]
[BlackElo "2379"]
[TimeControl "180+1"]
[EndTime "15:41:12 PDT"]
[Termination "Koalaskakistis won by resignation"]

1. e4 c5 2. Nf3 Nc6 3. d4 cxd4 4. Nxd4 g6 5. c4 Nf6 6. Nc3 d6 7. Be3 Ng4 8. Bc1 Qb6 9. f3 Nxd4 10. fxg4 Bxg4 11.
Qxg4 Nc2+ 12. Kd1 Nxa1 13. Nd5 Qc6 14. c5 a6 15. cxd6 Qxd6 16. Bf4 e5 17. Bg5 f5 18. Qf3 Bg7 19. Bd3 Qc6 20. Kd2 fxe4 21. Bxe4 Qc5 22. Rxa1 Rf8 23. Qe3 Rf2+ 24. Ke1 Qxe3+ 25.
Bxe3 Rxb2 26. Nc7+ 1-0

[Event "Late-Titled-Tuesday-Blitz-March-12-2024"]
[Site "Chess.com"]
[Date "2024.03.12"]
[Round "9"]
[White "kleber2007"]
[Black "BeanScreen"]
[Result "0-1"]
[WhiteElo "2540"]
[BlackElo "2723"]
[TimeControl "180+1"]
[EndTime "15:41:13 PDT"]
[Termination "BeanScreen won by resignation"]

1. Nf3 d5 2. g3 c6 3. Bg2 Bg4 4. c4 e6 5. cxd5 exd5 6. Ne5 Bh5 7. Qb3 Nd7 8. Nxd7 Qxd7 9. d4 Nf6 10. Nd2 Bd6 11. Nf3 O-O 12. O-O Rfe8 13. Re1 Ne4 14. Bf4 Bxf4 15. gxf4 f6 16. Qd1 Qf5 17. e3 Qg6 18.
Nh4 Qh6 19. Nf5 Qg6 20. Nh4 Qf7 21. Bf3 Bxf3 22. Qxf3 f5 23. Qe2 Re6 24. f3 Nd6 25. Kh1 Qh5 26. Rg1 Qxh4 27. Rg5 Rae8 28. Rag1 g6 29. Qg2 Kh8 30. e4 dxe4 31. fxe4 Nxe4 32.
Rxf5 Nf2+ 0-1

[Event "Late-Titled-Tuesday-Blitz-March-12-2024"]
[Site "Chess.com"]
[Date "2024.03.12"]
[Round "9"]
[White "Bkmzzzzz"]
[Black "djano"]
[Result "0-1"]
[WhiteElo "2397"]
[BlackElo "2590"]
[TimeControl "180+1"]
[EndTime "15:41:14 PDT"]
[Termination "djano won by resignation"]

1. e4 c5 2. Nf3 Nc6 3. Bb5 g5 4.
Nxg5 Nf6 5. d3 Rg8 6. g3 Nd4 7.
Bc4 d5 8. exd5 Bg4 9. f3 Rxg5 10.
fxg4 Re5+ 11. Kf2 b5 12. Bb3 Re2+ 13. Kf1 Nxg4 14. Qxe2 Nxe2 15. Kxe2 Rc8 16. c4 Bg7 17.
cxb5 c4 18. Bxc4 Qb6 19. Rf1 Nxh2 20. Rf5 Qg6 21. Rg5 Qf6 22. Nc3 Qf1+ 23. Ke3 Bh6 24. Ne4 f6 25. d6 Bxg5+ 26. Nxg5 fxg5 27. Be6 Rxc1 28. d7+ Kd8 0-1

[Event "Late-Titled-Tuesday-Blitz-March-12-2024"]
[Site "Chess.com"]
[Date "2024.03.12"]
[Round "9"]
[White "Likvidator228"]
[Black "stollenmonster"]
[Result "1-0"]
[WhiteElo "2618"]
[BlackElo "2831"]
[TimeControl "180+1"]
[EndTime "15:41:26 PDT"]
[Termination "Likvidator228 won by resignation"]

1. d4 Nf6 2. Nf3 e6 3. Bf4 d5 4. e3 Ne4 5. Nbd2 Bd6 6. Bxd6 cxd6 7.
Bd3 f5 8. O-O O-O 9. c4 dxc4 10.
Nxc4 Nc6 11. Rc1 Qe7 12. a3 Bd7 13. b4 Rac8 14. h3 Be8 15. Nfd2 Bg6 16. Nxe4 fxe4 17.
Be2 d5 18. Nd2 a6 19. f4 exf3 20. Nxf3 Be4 21. Bd3 Qd6 22. Bxe4 dxe4 23. Nd2 Qd5 24. Qg4 Nxd4 25. Rxc8 Rxc8 26. exd4 Qxd4+ 27. Rf2 Rc1+ 28. Nf1 Rxf1+ 29. Kxf1 Qa1+ 30. Ke2 Qb2+ 31. Ke3 Qc3+ 32. Kxe4 Qc4+ 33. Kf3 Qd3+ 34. Kf4 Qd6+ 35. Ke3 Qe5+ 36. Qe4 1-0

[Event "Late-Titled-Tuesday-Blitz-March-12-2024"]
[Site "Chess.com"]
[Date "2024.03.12"]
[Round "9"]
[White "maximnovik"]
[Black "Blitzstream"]
[Result "0-1"]
[WhiteElo "2598"]
[BlackElo "2753"]
[TimeControl "180+1"]
[EndTime "15:41:29 PDT"]
[Termination "Blitzstream won by resignation"]

1. e4 d5 2. exd5 Qxd5 3. Nc3 Qa5 4. d4 Nf6 5. Nf3 c6 6. Bc4 Bf5 7. Ne5 e6 8. g4 Bg6 9. h4 Nbd7 10. Nxd7 Nxd7 11.
h5 Be4 12. O-O Bd5 13. Nxd5 cxd5 14. Bd3 Bd6 15. c3 Qd8 16. Qf3 Qh4 17. Qg2 g6 18. h6 O-O-O 19. Be3 e5 20. g5 e4 21. Be2 Kb8 22. b3 Nf8 23. Bg4 Ne6 24. Bxe6 fxe6 25. c4 Rhf8 26. c5 Bc7 27. b4 Rf3 28. b5 Rdf8 29.
b6 axb6 30. cxb6 Bf4 31. Rae1 Rh3 32. Rc1 Bh2+ 33. Kh1 Bd6+ 34. Kg1 Rh2 0-1

[Event "Late-Titled-Tuesday-Blitz-March-12-2024"]
[Site "Chess.com"]
[Date "2024.03.12"]
[Round "9"]
[White "chessamical"]
[Black "Knjazj"]
[Result "1-0"]
[WhiteElo "2217"]
[BlackElo "2010"]
[TimeControl "180+1"]
[EndTime "15:41:33 PDT"]
[Termination "chessamical won by resignation"]

1. d4 d6 2. e4 g6 3. Nc3 Bg7 4. Be3 Nf6 5. f3 O-O 6. Qd2 Nc6 7. Nge2 e5 8. d5 Ne7 9. O-O-O Nd7 10. g4 f5 11. g5 f4 12. Bf2 b6 13. h4 a5 14. h5 Nc5 15. Nb5 Ba6 16. Nec3 Qe8 17. Nxc7 Qd7 18. Nxa8 Rxa8 19. Bxa6 Rxa6 20. Qe2 Ra8 21.
Qb5 Qc7 22. Kb1 a4 23. a3 Ra5 24. Qe8+ Bf8 25. hxg6 Nxg6 26. Nb5 Qg7 27. Nxd6 Nb7 28. Qe6+ Kh8 29. Nf7+ Kg8 30. Nxe5+ Kh8 31. Nxg6+ Qxg6 32. Qxg6 1-0

[Event "Late-Titled-Tuesday-Blitz-March-12-2024"]
[Site "Chess.com"]
[Date "2024.03.12"]
[Round "9"]
[White "Gabcur"]
[Black "dealshark"]
[Result "1-0"]
[WhiteElo "2307"]
[BlackElo "2321"]
[TimeControl "180+1"]
[EndTime "15:41:35 PDT"]
[Termination "Gabcur won by resignation"]

1. e4 e5 2. f4 exf4 3. Bc4 Nc6 4.
d4 g5 5. h4 d5 6. exd5 Nce7 7.
Nc3 Nf6 8. hxg5 Nfxd5 9. Qf3 c6 10. Bxf4 Nxf4 11. Qxf4 Nd5 12. Nxd5 cxd5 13. Bb5+ Bd7 14. Bxd7+ Qxd7 15. O-O-O O-O-O 16. Nf3 Bd6 17. Ne5 Bxe5 18. dxe5 d4 19. Rh3 Qd5 20. Kb1 Qxg2 21. Rhd3 Qe4 22. Qxe4 1-0

[Event "Late-Titled-Tuesday-Blitz-March-12-2024"]
[Site "Chess.com"]
[Date "2024.03.12"]
[Round "9"]
[White "Casper"]
[Black "carloseduar100"]
[Result "0-1"]
[WhiteElo "2462"]
[BlackElo "2346"]
[TimeControl "180+1"]
[EndTime "15:41:36 PDT"]
[Termination "carloseduar100 won by checkmate"]

1. Nf3 Nf6 2. b3 g6 3. Bb2 Bg7 4. e3 O-O 5. Be2 d5 6. O-O c6 7. c4 Nbd7 8. a4 Re8 9. d4 Ne4 10. a5 e5 11. cxd5 cxd5 12. Bb5 exd4 13. Bxd4 a6 14. Ba4 Re6 15. Bxg7 Kxg7 16. Qxd5 Qf6 17. Nd4 Re5 18. Qc4 Ndc5 19. b4 Nxa4 20. Rxa4 Bh3 21.
Ra2 Rc8 22. Qe2 Rg5 23. g3 Bxf1 24. Qxf1 h5 25. h4 Rg4 26. Kh2 Qd6 27. Kg1 Nxg3 28. fxg3 Qxg3+ 29. Rg2 Qxe3+ 30. Kh2 Rxh4# 0-1

[Event "Late-Titled-Tuesday-Blitz-March-12-2024"]
[Site "Chess.com"]
[Date "2024.03.12"]
[Round "9"]
[White "Inepton_Fermion"]
[Black "Synctel"]
[Result "1-0"]
[WhiteElo "2459"]
[BlackElo "1925"]
[TimeControl "180+1"]
[EndTime "15:41:38 PDT"]
[Termination "Inepton_Fermion won on time"]

1. Nf3 d5 2. b3 Nf6 3. Bb2 Bf5 4. e3 e6 5. d4 Be7 6. Bd3 Bg6 7. O-O Nbd7 8. c4 c6 9. Nc3 O-O 10. Bxg6 hxg6 11.
Qc2 Nb6 12. Qd3 a5 13. a4 dxc4 14. bxc4 c5 15. Rfd1 cxd4 16. exd4 Rc8 17. Ne5 Bb4 18. Nb5 Qe7 19. Qb3 Rfd8 20. Rab1 Ne4 21. Ba3 Qf6 22. Qe3 Bxa3 23. Nxa3 Nd6 24. Rxb6 Nf5 25. Qe4 Qe7 26. Nb5 Qb4 27. Rxb7 Nxd4 28. Nxd4 Rxd4 29. Rxd4 1-0

[Event "Late-Titled-Tuesday-Blitz-March-12-2024"]
[Site "Chess.com"]
[Date "2024.03.12"]
[Round "9"]
[White "sergiochess83"]
[Black "Mikhail_Bryakin"]
[Result "1-0"]
[WhiteElo "2908"]
[BlackElo "2740"]
[TimeControl "180+1"]
[EndTime "15:41:39 PDT"]
[Termination "sergiochess83 won on time"]

1. e4 c6 2. d4 d5 3. Nc3 dxe4 4. Nxe4 Bf5 5. Ng3 Bg6 6. h4 h6 7. Bd3 Bxd3 8. Qxd3 Nf6 9. N1e2 e6 10. Bd2 Bd6 11. Ne4 Nxe4 12. Qxe4 Nd7 13. O-O-O Qc7 14. Kb1 O-O-O 15.
Qf3 Nf6 16. c4 c5 17. Bc3 cxd4 18. Nxd4 a6 19. Nb3 Qe7 20. c5 Bc7 21. c6 e5 22.
cxb7+ Kb8 23. Qc6 Ka7 24. Ba5 Bxa5 25. Nxa5 Qb4 26. Qc7 Rxd1+ 27. Rxd1 1-0

[Event "Late-Titled-Tuesday-Blitz-March-12-2024"]
[Site "Chess.com"]
[Date "2024.03.12"]
[Round "9"]
[White "SamuraisOfChess"]
[Black "Mikhail_Golubev"]
[Result "1-0"]
[WhiteElo "2584"]
[BlackElo "2671"]
[TimeControl "180+1"]
[EndTime "15:41:40 PDT"]
[Termination "SamuraisOfChess won by checkmate"]

1. e4 c5 2. Nf3 d6 3. d4 cxd4 4. Nxd4 Nf6 5. Nc3 g6 6. Be2 Bg7 7. O-O O-O 8. Be3 Nc6 9. Qd2 Bd7 10. h3 a6 11. f4 b5 12. Bf3 Rc8 13. Nxc6 Bxc6 14. Nd5 Bxd5 15. exd5 Qc7 16. c3 a5 17. f5 gxf5 18. Bh6 Bxh6 19. Qxh6 Kh8 20. Qg5 Rg8 21. Qxf5 Rg3 22. Rae1 Rcg8 23. Kh2 R3g5 24. Qf4 Re5 25. Kh1 Reg5 26. Re2 Re5 27. Rfe1 Rxe2 28. Rxe2 Re8 29. g4 Qc4 30. Qf5 Rf8 31. Rxe7 Qf1+ 32. Kh2 Qf2+ 33. Kh1 Qf1+ 34. Kh2 Qf2+ 35. Bg2 Qxf5 36. gxf5 b4 37. cxb4 axb4 38. Rb7 Ra8 39. Rxf7 Nh5 40. Rb7 Nf4 41. Rxb4 Nxg2 42. Kxg2 Rxa2 43.
Rb6 Ra5 44. Rxd6 Rb5 45. f6 Rb4 46. Rd8# 1-0

[Event "Late-Titled-Tuesday-Blitz-March-12-2024"]
[Site "Chess.com"]
[Date "2024.03.12"]
[Round "9"]
[White "GoltsevDmitry2000"]
[Black "MatthewG-p4p"]
[Result "0-1"]
[WhiteElo "2716"]
[BlackElo "2914"]
[TimeControl "180+1"]
[EndTime "15:41:41 PDT"]
[Termination "MatthewG-p4p won by resignation"]

1. e4 d5 2. exd5 Qxd5 3. Nc3 Qa5 4. Nf3 Nf6 5. d4 c6 6. Ne5 Bf5 7. Bc4 e6 8. O-O Nbd7 9. Re1 Nxe5 10. Rxe5 Qc7 11.
Qf3 Bg6 12. Bf4 Bd6 13. Bxe6 Bxe5 14. Bxe5 Qe7 15. Bb3 O-O 16. h3 Rfe8 17. Qg3 Nd7 18. Bd6 Qf6 19. d5 c5 20. Bf4 Nb6 21. a4 c4 22. Ba2 Rac8 23. a5 Nd7 24. Rd1 Bxc2 25.
Rd2 Bd3 26. Nb5 Rc5 27. Nd6 Re1+ 28. Kh2 h6 29. Nxb7 Rxd5 30. b3 c3 31. Rxd3 Rxd3 32. Qxd3 Qxf4+ 33. Qg3 Qxg3+ 0-1

[Event "Late-Titled-Tuesday-Blitz-March-12-2024"]
[Site "Chess.com"]
[Date "2024.03.12"]
[Round "9"]
[White "cristiano78"]
[Black "PNEPaul"]
[Result "1-0"]
[WhiteElo "2249"]
[BlackElo "1951"]
[TimeControl "180+1"]
[EndTime "15:41:43 PDT"]
[Termination "cristiano78 won on time"]

1. d4 Nf6 2. c4 c5 3. d5 Ne4 4. Nd2 Qa5 5. Qc2 Nf6 6. b3 d6 7. Bb2 g6 8. Bc3 Qd8 9. e4 Bg7 10. Bd3 O-O 11. h3 e5 12. Ne2 h6 13. O-O Na6 14. a3 Bd7 15. f4 exf4 16. Nxf4 Nc7 17.
e5 dxe5 18. Bxe5 Re8 19. Bb2 a6 20. Rae1 Rxe1 21. Rxe1 b5 22. Nf3 bxc4 23. bxc4 Rb8 24. Ne5 Ba4 25. Qc1 Nce8 26. Nxf7 Kxf7 27. Bxg6+ Kg8 28.
Ne6 Qb6 29. Be5 Rb7 30. Qf4 Re7 31. Nxg7 Rxg7 32. Bxf6 Qxf6 33. Rxe8+ Bxe8 34. Qxf6 Bxg6 35. Qxa6 Bd3 36. g4 h5 37. Qc8+ Kh7 38. Qxc5 hxg4 39.
Qe3 gxh3+ 40. Kh2 Bf1 41. Qe4+ 1-0

[Event "Late-Titled-Tuesday-Blitz-March-12-2024"]
[Site "Chess.com"]
[Date "2024.03.12"]
[Round "9"]
[White "scarabee43"]
[Black "Herman-NY"]
[Result "1-0"]
[WhiteElo "2823"]
[BlackElo "2543"]
[TimeControl "180+1"]
[EndTime "15:41:44 PDT"]
[Termination "scarabee43 won on time"]

1. Nf3 Nf6 2. c4 g6 3. Nc3 Bg7 4.
d4 d6 5. Bg5 O-O 6. e3 c5 7. d5 b5 8. cxb5 a6 9. bxa6 Bxa6 10.
Bxa6 Rxa6 11. O-O Nbd7 12. Nd2 Qa8 13. Nc4 Rb8 14. Qd3 Ng4 15. Bxe7 Nge5 16. Nxe5 Nxe5 17.
Qe2 c4 18. Ne4 Rxb2 19. Qd1 Nd3 20. Nf6+ Kh8 21. Qg4 Rb7 22. Qh4 h6 23. Ne4 Qe8 24. Bf6 Kh7 25. Ng5+ Kg8 26. Bxg7 Kxg7 27. Nf3 Rc7 28.
Qd4+ Kg8 29. Nd2 Ra4 30. Ne4 Qe5 31. Qb6 Re7 32. Nxd6 1-0

[Event "Late-Titled-Tuesday-Blitz-March-12-2024"]
[Site "Chess.com"]
[Date "2024.03.12"]
[Round "9"]
[White "Polish_fighter3000"]
[Black "SchmakAttack"]
[Result "1-0"]
[WhiteElo "3140"]
[BlackElo "2843"]
[TimeControl "180+1"]
[EndTime "15:41:45 PDT"]
[Termination "Polish_fighter3000 won by resignation"]

1. e4 e6 2. d4 d5 3. Nc3 Nf6 4. Bg5 dxe4 5. Nxe4 Be7 6. Bxf6 gxf6 7. Nf3 f5 8. Nc3 a6 9. Qe2 b5 10. O-O-O b4 11.
Na4 Qd5 12. c4 Qe4 13. Qd2 Bb7 14. d5 Bd6 15. Bd3 Qf4 16. Rhe1 Qxd2+ 17. Nxd2 Nd7 18. Bxf5 O-O-O 19. dxe6 fxe6 20. Bxe6 Kb8 21. Ne4 Bf4+ 22. Kc2 Ne5 23. Nac5 a5 24. Nxb7 Kxb7 25. g3 Rxd1 26. Rxd1 Bh6 27. f4 Nc6 28. Bd5 Kb6 29. Bxc6 Kxc6 30.
Rd5 a4 31. Rc5+ Kd7 32. Rb5 b3+ 33. axb3 axb3+ 34. Rxb3 Bg7 35. Rb5 Kc6 36. b4 Ra8 37. Ra5 Rd8 38. Ra6+ Kb7 39. Nc5+ Kb8 40. Ne6 1-0

[Event "Late-Titled-Tuesday-Blitz-March-12-2024"]
[Site "Chess.com"]
[Date "2024.03.12"]
[Round "9"]
[White "GMKrikor"]
[Black "RandomNoob04"]
[Result "1-0"]
[WhiteElo "2886"]
[BlackElo "2656"]
[TimeControl "180+1"]
[EndTime "15:41:47 PDT"]
[Termination "GMKrikor won by resignation"]

1. Nf3 Nf6 2. c4 e6 3. Nc3 d5 4.
d4 Bb4 5. cxd5 exd5 6. Bf4 O-O 7.
e3 c5 8. Bd3 Bg4 9. dxc5 Nbd7 10. O-O Nxc5 11. Rc1 Nxd3 12. Qxd3 Bxf3 13. gxf3 h6 14.
Nb5 a6 15. Nd4 Bd6 16. Bg3 Re8 17. Kg2 Qd7 18. Rc2 g6 19. Rfc1 Nh5 20. Qb3 Be5 21.
Rc5 Rad8 22. Qd3 Qd6 23. Ne2 Nxg3 24. hxg3 Bxb2 25. R1c2 d4 26. e4 Bc3 27. Rd5 Qb4 28. Nxc3 dxc3 29. Rxd8 1-0

[Event "Late-Titled-Tuesday-Blitz-March-12-2024"]
[Site "Chess.com"]
[Date "2024.03.12"]
[Round "9"]
[White "wild3000"]
[Black "tarno17"]
[Result "1-0"]
[WhiteElo "2395"]
[BlackElo "2219"]
[TimeControl "180+1"]
[EndTime "15:41:47 PDT"]
[Termination "wild3000 won on time"]

1. d4 d5 2. c3 Nf6 3. g3 e6 4.
Bg2 Be7 5. Nd2 O-O 6. e4 dxe4 7.
Nxe4 Nxe4 8. Bxe4 Nd7 9. Ne2 Nf6 10. Bg2 c5 11. O-O Nd5 12. dxc5 Bxc5 13. Nf4 Nf6 14.
Qxd8 Rxd8 15. b4 Bb6 16. a4 e5 17. a5 Bc7 18. a6 exf4 19. axb7 Bxb7 20. Bxb7 Rab8 21.
Bc6 Rb6 22. b5 fxg3 23. hxg3 Be5 24. Be3 Rbb8 25. Rfc1 Rd3 26. c4 Bxa1 27. Rxa1 Rbd8 28. Bxa7 h5 29. b6 Nd7 30. b7 Nb8 31. Bd5 Rb3 32. Bxb8 Rxb8 33. Ra8 1-0